 Seeded DCSS version 0.30-a0-381-g6ea064c7b4 (webtiles) character file.

Game seed: 794613 (custom seed)

50348 McGhostyFace the Covert (level 14, -4/111 HPs)
             Began as a Gnoll Wanderer on Dec 2, 2022.
             Was a Believer of Ashenzari.
             Slain by a yak (13 damage)
             ... on level 4 of the Lair of Beasts.
             The game lasted 00:55:38 (21073 turns).

McGhostyFace the Covert (Gnoll Wanderer)           Turns: 21073, Time: 00:55:40

Health: -4/111     AC: 10    Str: 12    XL:     14   Next: 54%
Magic:  22/30      EV: 15    Int: 20    God:    Ashenzari [**....]
Gold:   1172       SH:  4    Dex: 10    Spells: 16/37 levels left

rFire   + + .      SeeInvis +    R - +7 trident "Aletreos" {flame, rElec rPois}
rCold   . . .      Faith    .    (no shield)
rNeg    . . .      Spirit   .    s - +2 robe "At What Cost Knowledge?" {rC+ rF+, Alch, Self} (curse)
rPois   +          Reflect  .    (no helmet)
rElec   +          Harm     .    d - +0 cloak "Elysian Entitlement" {Bglg, Comp} (curse)
rCorr   .          Rampage  .    Y - +2 pair of gloves "I Foresaw This" {Fort, Melee} (curse)
Will    +....                    (no boots)
Stlth   +++++.....               h - amulet of Toth-Mos's Legacy {Regen+, Comp, Cun} (curse)
HPRegen 1.18/turn                u - ring of fire
MPRegen 0.22/turn                S - ring "Qayrunoc" {Wiz Dex+2}

@: unable to read
A: fangs 1, strong nose, distributed training, talons 1, large bone plates 1,
shaggy fur 1, inability to read after injury 1
a: Renounce Religion, Curse Item, Shatter the Chains


You were on level 4 of the Lair of Beasts.
You worshipped Ashenzari.
Ashenzari was pleased with you.
You visited 3 branches of the dungeon, and saw 18 of its levels.

You collected 1172 gold pieces.

Inventory:

Hand Weapons
 j - the +5 sling "Busi Rumn" {vorpal, rElec Will+}
   (You took it off a gnoll on level 11 of the Dungeon)

   Any ammunition fired from it inflicts extra damage upon your enemies.
   rElec:     It insulates you from electricity.
   Will:      It increases your willpower.
 p - a +0 arbalest
 F - a +4 scimitar
 I - the +11 quarterstaff "Dotamn" {drain, rElec}
   (You found it on level 8 of the Dungeon)

   A truly terrible weapon, it drains the life of any living foe it strikes.
   rElec:     It insulates you from electricity.
 R - the +7 trident "Aletreos" (weapon) {flame, rElec rPois}
   (You found it on level 12 of the Dungeon)

   It burns those it strikes, dealing additional fire damage.
   rElec:     It insulates you from electricity.
   rPois:     It protects you from poison.
Missiles
 f - 6 datura-tipped darts
 i - 46 poisoned darts (quivered)
 Q - 11 curare-tipped darts
Armour
 d - the cursed +0 cloak "Elysian Entitlement" (worn) {Bglg, Comp}

   It has a curse which improves the following skills: Beguiling: Conjurations,
   Hexes and Translocations.
   Companions: Summonings and Necromancy.
 s - the cursed +2 robe "At What Cost Knowledge?" (worn) {rC+ rF+, Alch, Self}
   (You took it off Jessica on level 3 of the Dungeon)

   It has a curse which improves the following skills: Alchemy: Poison Magic and
   Transmutations.
   Introspection: Fighting and Spellcasting.
 O - +0 acid dragon scales
 Y - the cursed +2 pair of gloves "I Foresaw This" (worn) {Fort, Melee}
   (You found it on level 4 of the Lair of Beasts)

   It has a curse which improves the following skills: Fortitude: Armour and
   Shields.
   Melee Combat: Short Blades, Long Blades, Axes, Maces & Flails, Polearms,
   Staves and Unarmed Combat.
Jewellery
 h - the cursed amulet of Toth-Mos's Legacy (around neck) {Regen+, Comp, Cun}
   (You found it on level 1 of the Dungeon)

   [amulet of regeneration]

   Regen:     It increases your rate of health regeneration.
   It has a curse which improves the following skills: Companions: Summonings
   and Necromancy.
   Cunning:   Dodging and Stealth.
 u - a ring of fire (left hand)
 y - a ring of fire
 E - an amulet of magic regeneration
 H - a +6 ring of strength
 J - a ring of resist corrosion
 P - a ring of positive energy
 S - the ring "Qayrunoc" (right hand) {Wiz Dex+2}
   (You found it on level 12 of the Dungeon)

   [ring of wizardry]

   It improves your spell success rate.
   Dex:       It affects your dexterity (+2).
 X - a ring of poison resistance
 Z - a ring of protection from cold
Wands
 c - a wand of digging (5)
 M - a wand of mindburst (9)
 U - a wand of charming (9)
 V - a wand of flame (5)
Scrolls
 b - 4 scrolls of fog
 e - 17 scrolls of identify
 g - a scroll of enchant armour
 q - 2 scrolls of enchant weapon
 t - 3 scrolls of fear
 v - 14 scrolls of teleportation
 w - 4 scrolls of poison
 A - a scroll of silence
 C - 2 scrolls of torment
 K - a scroll of amnesia
 W - 2 scrolls of blinking
Potions
 a - a potion of cancellation
 k - 17 potions of curing
 l - 3 potions of attraction
 m - 2 potions of degeneration
 n - 7 potions of haste
 o - 6 potions of might
 r - 9 potions of flight
 x - 6 potions of mutation
 z - 2 potions of ambrosia
 B - 2 potions of resistance
 D - 2 potions of berserk rage
 L - 3 potions of brilliance
 N - 3 potions of heal wounds
 T - a potion of magic
Miscellaneous
 G - a condenser vane


   Skills:
 + Level 9.6(10.9) Fighting
 + Level 9.6(10.9) Short Blades
 + Level 9.6(10.9) Long Blades
 + Level 9.6(10.9) Axes
 + Level 9.6(10.9) Maces & Flails
 + Level 9.6(10.9) Polearms
 + Level 9.6(10.9) Staves
 + Level 9.6 Ranged Weapons
 + Level 9.6 Throwing
 + Level 9.6(10.9) Armour
 + Level 9.6(10.9) Dodging
 + Level 11.3(12.5) Stealth
 + Level 9.6(10.9) Shields
 + Level 9.6(10.9) Unarmed Combat
 + Level 10.9(12.1) Spellcasting
 + Level 8.1(9.3) Conjurations
 + Level 8.4(9.6) Hexes
 + Level 10.8(12.6) Summonings
 + Level 8.1(10.0) Necromancy
 + Level 8.1(9.3) Translocations
 + Level 8.1(9.3) Transmutations
 + Level 8.1 Fire Magic
 + Level 8.1 Ice Magic
 + Level 8.1 Air Magic
 + Level 8.1 Earth Magic
 + Level 8.1(9.3) Poison Magic
 + Level 10.5 Invocations
 + Level 9.6 Evocations


You had 16 spell levels left.
You knew the following spells:

 Your Spells              Type           Power      Damage    Failure   Level
a - Summon Small Mammal   Summ           100%       N/A       1%          1
b - Call Canine Familiar  Summ           58%        N/A       1%          3
c - Summon Ice Beast      Ice/Summ       52%        N/A       1%          4
d - Summon Lightning Spi  Summ/Air       52%        N/A       1%          4
e - Summon Guardian Gole  Hex/Summ       54%        N/A       1%          3
f - Iron Shot             Conj/Erth      23%        9d5       10%         6

Your spell library contained the following spells:

 Spells                   Type           Power      Damage    Failure   Level
 Slow                     Hex            100%       N/A       1%          1
 Inner Flame              Hex/Fire       64%        N/A       1%          3
 Tukima's Dance           Hex            50%        N/A       1%          3
 Animate Armour           Summ/Erth      100%       N/A       1%          4
 Passage of Golubria      Tloc           49%        N/A       1%          4
 Blade Hands              Tmut           24%        N/A       1%          5
 Yara's Violent Unravell  Hex/Tmut       25%        3d11      1%          5
 Storm Form               Tmut/Air       23%        N/A       45%         7
 Maxwell's Capacitive Co  Air            22%        ∞         99%         8


Dungeon Overview and Level Annotations

Branches:
Dungeon (12/15)            Temple (1/1) D:5            Lair (5/5) D:8
 Shoals (0/4) Lair:3        Snake (0/4) Lair:2          Orc (0/2) D:9
  Slime: Lair:4-5

Altars:
Ashenzari
Cheibriados
Dithmenos
Elyvilon
Fedhas
Gozag
Hepliaklqana
Kikubaaqudgha
Makhleb
Okawaru
Qazlal
Ru
Sif Muna
Uskayaw
Vehumet
Wu Jian
Xom
Yredelemnul
Zin
The Shining One

Shops:
D:1 (   D:2 :   D:5 [


Innate Abilities, Weirdness & Mutations

You have very sharp teeth.
Your uncanny sense of smell can sniff out nearby items.
Your experience applies equally to all skills.
You have sharp toenails.
You are partially covered in large bone plates. (SH +4)
You are covered in fur. (AC +1)
You occasionally lose the ability to read scrolls when taking damage.


Message History

The yak moves out of view.
There is a stone staircase leading up, spattered with blood here.
Unknown command.
The black mamba misses you. The four-headed hydra bites you!
The four-headed hydra bites you.
The four-headed hydra closely misses you.
You block the four-headed hydra's attack.
The dream sheep shake their wool and sparkle.
You feel drowsy...
You fall asleep.
You stop ascending the stairs.
The dream sheep bites you!!
You wake up.
You feel threatened and lose the ability to read scrolls!
The black mamba misses you.
Unknown command.
The blink frog hits you. You block the black mamba's attack.
You block the four-headed hydra's attack.
The four-headed hydra bites you but does no damage.
The four-headed hydra closely misses you.
The four-headed hydra bites you but does no damage.
The blink frog misses you. The dream sheep bites you.
The dream sheep bites you but does no damage.
The black mamba bites you.
You climb upwards.
There is a stone staircase leading down here.
Unknown command.
The black mamba completely misses you. The yak gores you but does no damage.
The dream sheep closely misses you.
Casting: Summon Ice Beast (safe; 1% risk of failure)
Confirm with . or Enter, or press ? or * to list all spells.
A guardian golem appears, shielding your allies.
The black mamba bites you. The blink frog barely misses you.
The black mamba bites you! The four-headed hydra bites you!
* * * LOW HITPOINT WARNING * * *
The four-headed hydra bites you!
* * * LOW HITPOINT WARNING * * *
The four-headed hydra bites you.
* * * LOW HITPOINT WARNING * * *
The four-headed hydra bites you.
* * * LOW HITPOINT WARNING * * *
The yak gores you!
You die...

.##.P.#.....####.......#.#...##
.>....##...###.......####.....#
).....##....#.........##......#
..P..###..#............##....##
P#....##..#...#....#.....#...#
.....###.#...##..8.##....#...#
.....# ###..###.....###..#...##
....#####...# #9YD..##....#...#
....##.##<.8# #.@FY.###8.<#...#
#######.#h..# #.SY†.###...#...#
## #.....#..####....#....##..##
.###.........#.#.8.###...#...#
.........#....##...#....##...#
.......#####............##...#
......P# ###...........#.#...###
.#..#.####..##.........##....#.#
###.....#.#.##.#....#.####....##


You could see a four-headed hydra, a black mamba, a yak (ally target), a blink
frog, 2 dream sheep and a friendly guardian golem (summoned).

Vanquished Creatures
  A hydra (Lair:2)
  A boulder beetle (D:12)
  A centaur warrior (D:11)
  A skeletal warrior (D:11)
  6 elephants
  A black mamba (Lair:1)
  3 cane toads
  An unseen horror (D:12)
  2 kobold demonologists (D:11)
  2 komodo dragons (Lair:2)
  A troll (D:11)
  A hornet (D:9)
  Grinder (D:3)
  2 dream sheep (Lair:4)
  Prince Ribbit (D:6)
  3 blink frogs
  A spriggan (Lair:4)
  A vampire (D:12)
  2 wraiths
  A hog (Lair:4)
  15 yaks
  Eustachio (D:5)
  A wyvern (Lair:2)
  2 vampire mosquitoes
  3 water moccasins
  A sky beast (D:7)
  An orc warrior (D:12)
  2 ice beasts
  A black bear (Lair:4)
  2 wolves
  4 centaurs
  A phantom (D:6)
  A gnoll sergeant (D:11)
  6 bullfrogs
  A scorpion (D:5)
  3 wights
  2 nameless horrors (D:6)
  2 orc priests
  A jelly (D:7)
  A hound (D:5)
  Jessica (D:3)
  2 iguanas
  6 orc wizards
  5 gnolls
  4 adders
  An ufetubus (D:6)
  A worm (D:10)
  15 orcs
  6 endoplasms
  6 goblins
  9 hobgoblins
  4 quokkas
  3 ball pythons
  A bat (D:3)
  7 kobolds
  3 rats
158 creatures vanquished.

Vanquished Creatures (collateral kills)
  Kirke (Lair:4)
  The ghost of Lobster4 the Fighter, a journeyman DjHW of Nemelex Xobeh (D:12)
  The ghost of qeuew the Unseen, a journeyman SpEn of Dithmenos (Lair:4)
  The ghost of Diaxkar the Geomancer, a journeyman DsFE of Vehumet (Lair:1)
  3 two-headed ogres
  Amaemon (Lair:3)
  2 skeletal warriors (D:11)
  2 manticores (D:11)
  Maurice (D:8)
  10 elephants
  2 black mambas
  An unseen horror (D:7)
  8 cane toads
  An orange demon (Lair:3)
  3 rime drakes
  A kobold demonologist (D:11)
  3 komodo dragons
  2 trolls
  13 blink frogs
  A dream sheep (Lair:5)
  3 vampires
  2 spriggans (Lair:4)
  2 shadows (D:11)
  2 wyverns
  A wraith (D:12)
  2 hogs (Lair:4)
  27 yaks
  6 vampire mosquitoes
  3 basilisks
  2 nagas (Lair:2)
  3 acid dragons
  4 water moccasins
  5 orc warriors
  3 ogres
  4 wolves
  3 centaurs
  2 kobold brigands
  12 bullfrogs
  2 necrophages
  2 gnoll sergeants
  A scorpion (D:4)
  5 wights
  2 howler monkeys
  A hound (D:5)
  5 orc priests
  7 orc wizards
  Terence (D:3)
  8 gnolls
  4 adders
  An ufetubus (D:7)
  A worm (D:4)
  A dart slug (D:1)
  37 orcs
  3 bats (D:1)
  2 endoplasms (D:1)
  5 goblins
  10 hobgoblins
  3 jackals (D:4)
  14 kobolds
  2 quokkas
  3 ball pythons
  4 rats
268 creatures vanquished.

Vanquished Creatures (others)
  A minotaur (Lair:1)
  A two-headed ogre (D:12)
  Urug (D:11)
  Sonja (D:11)
  A skeletal warrior (D:11)
  2 elephants
  A kobold demonologist (D:12)
  A polar bear (Lair:2)
  2 blink frogs (Lair:4)
  A wraith (D:12)
  5 yaks
  A hog (Lair:4)
  A human (Lair:4)
  A vampire mosquito (D:11)
  A naga (Lair:2)
  An orc warrior (D:11)
  A wolf (Lair:1)
  A centaur (Lair:3)
  A howler monkey (D:11)
  A gnoll (D:11)
  2 orcs (D:12)
  A kobold (D:11)
  31 fungi
  73 plants
  4 withered plants
137 creatures vanquished.

Grand Total: 563 creatures vanquished

Notes
Turn   | Place    | Note
-------+----------+-------------------------------------------
     0 | D:1      | McGhostyFace the Gnoll Wanderer began the quest for the
                  | Orb.
     0 | D:1      | McGhostyFace set off with the following items: a +0 club, a
                  | scroll of fog, a +0 robe, a +0 cloak; and the following
                  | spells available to memorise: Summon Small Mammal, Call
                  | Canine Familiar, Slow, Inner Flame, Summon Ice Beast.
     0 | D:1      | Reached XP level 1. HP: 13/13 MP: 6/6
    26 | D:1      | Learned a level 1 spell: Summon Small Mammal
    86 | D:1      | Reached XP level 2. HP: 16/19 MP: 5/7
   307 | D:1      | Found Wateh's Antique Weapon Boutique.
   325 | D:1      | Found a faded altar of an unknown god.
   418 | D:1      | Reached skill level 5 in Spellcasting
   418 | D:1      | Reached XP level 3. HP: 25/25 MP: 6/9
   422 | D:1      | Learned a level 3 spell: Call Canine Familiar
   588 | D:1      | Reached skill level 6 in Stealth
   842 | D:2      | Reached skill level 1 in Invocations
   873 | D:2      | Found Hinnuoskoi's Book Emporium.
  1419 | D:2      | Reached skill level 1 in Fighting
  1419 | D:2      | Reached skill level 1 in Short Blades
  1419 | D:2      | Reached skill level 1 in Long Blades
  1419 | D:2      | Reached skill level 1 in Axes
  1419 | D:2      | Reached skill level 1 in Maces & Flails
  1419 | D:2      | Reached skill level 1 in Polearms
  1419 | D:2      | Reached skill level 1 in Staves
  1419 | D:2      | Reached skill level 1 in Ranged Weapons
  1419 | D:2      | Reached skill level 1 in Throwing
  1419 | D:2      | Reached skill level 1 in Armour
  1419 | D:2      | Reached skill level 1 in Dodging
  1419 | D:2      | Reached skill level 1 in Shields
  1419 | D:2      | Reached skill level 1 in Unarmed Combat
  1419 | D:2      | Reached skill level 1 in Evocations
  1797 | D:3      | Noticed Terence
  1812 | D:3      | Killed Terence
  1813 | D:3      | Reached XP level 4. HP: 32/32 MP: 3/11
  2168 | D:3      | Noticed Grinder
  2205 | D:3      | Reached skill level 1 in Conjurations
  2205 | D:3      | Reached skill level 1 in Necromancy
  2205 | D:3      | Reached skill level 1 in Translocations
  2205 | D:3      | Reached skill level 1 in Transmutations
  2205 | D:3      | Reached skill level 1 in Fire Magic
  2205 | D:3      | Reached skill level 1 in Ice Magic
  2205 | D:3      | Reached skill level 1 in Air Magic
  2205 | D:3      | Reached skill level 1 in Earth Magic
  2205 | D:3      | Reached skill level 1 in Poison Magic
  2540 | D:3      | Noticed Jessica
  2545 | D:3      | Killed Jessica
  2546 | D:3      | Reached XP level 5. HP: 37/37 MP: 12/12
  2981 | D:3      | Killed Grinder
  2982 | D:3      | Reached XP level 6. HP: 44/44 MP: 8/14
  3742 | D:4      | Reached XP level 7. HP: 51/51 MP: 10/15
  4350 | D:4      | Found a blossoming altar of Fedhas.
  4855 | D:5      | Entered Level 5 of the Dungeon
  4855 | D:5      | Found Veiheng's Armour Emporium.
  4868 | D:5      | Learned a level 4 spell: Summon Ice Beast
  4960 | D:5      | Reached XP level 8. HP: 54/58 MP: 14/16
  5264 | D:5      | Noticed Eustachio
  5402 | D:5      | Killed Eustachio
  5403 | D:5      | Reached skill level 7 in Stealth
  5501 | D:5      | Found a staircase to the Ecumenical Temple.
  5512 | Temple   | Entered the Ecumenical Temple
  5653 | Temple   | Became a worshipper of Ashenzari the Shackled
  6647 | D:6      | Noticed a +0 dagger
  6647 | D:6      | Noticed a +0 spear
  6647 | D:6      | Noticed a +0 falchion
  6647 | D:6      | Noticed a +0 short sword
  6647 | D:6      | Noticed a +0 dagger
  6648 | D:6      | Noticed a +0 short sword
  6648 | D:6      | Noticed a +0 falchion
  6648 | D:6      | Noticed a +0 spear
  6653 | D:6      | Found a hide-covered altar of Uskayaw.
  6794 | D:6      | Reached XP level 9. HP: 65/65 MP: 10/18
  7047 | D:7      | Found a burning altar of Makhleb.
  7133 | D:7      | Noticed Prince Ribbit
  7222 | D:6      | Killed Prince Ribbit
  7377 | D:7      | Reached * piety under Ashenzari
  7378 | D:7      | Gained mutation: You have sharp toenails. [potion of
                  | mutation]
  7378 | D:7      | Gained mutation: You occasionally lose the ability to read
                  | scrolls when taking damage. [potion of mutation]
  7378 | D:7      | Gained mutation: You are partially covered in large bone
                  | plates. (SH +4) [potion of mutation]
  7378 | D:7      | Gained mutation: You are covered in fur. (AC +1) [potion of
                  | mutation]
  7482 | D:7      | Found an ornate altar of the Wu Jian Council.
  7482 | D:7      | Found an iron altar of Okawaru.
  7503 | D:7      | Found a glowing silver altar of Zin.
  7610 | D:7      | Reached skill level 5 in Invocations
  7673 | D:7      | Killed an unseen horror
  8330 | D:8      | Found a staircase to the Lair.
  8380 | D:8      | Found a sacrificial altar of Ru.
  8396 | D:8      | Reached skill level 5 in Fighting
  8396 | D:8      | Reached skill level 5 in Short Blades
  8396 | D:8      | Reached skill level 5 in Long Blades
  8396 | D:8      | Reached skill level 5 in Axes
  8396 | D:8      | Reached skill level 5 in Maces & Flails
  8396 | D:8      | Reached skill level 5 in Polearms
  8396 | D:8      | Reached skill level 5 in Staves
  8396 | D:8      | Reached skill level 5 in Ranged Weapons
  8396 | D:8      | Reached skill level 5 in Throwing
  8396 | D:8      | Reached skill level 5 in Armour
  8396 | D:8      | Reached skill level 5 in Dodging
  8396 | D:8      | Reached skill level 5 in Shields
  8396 | D:8      | Reached skill level 5 in Unarmed Combat
  8396 | D:8      | Reached skill level 5 in Evocations
  8396 | D:8      | Reached XP level 10. HP: 76/76 MP: 13/22
  8543 | D:8      | Reached skill level 8 in Stealth
  8546 | D:8      | Noticed a two-headed ogre
  8791 | D:8      | Learned a level 4 spell: Summon Lightning Spire
  8811 | D:8      | Killed a two-headed ogre
  8812 | D:8      | Reached skill level 5 in Hexes
  8881 | D:8      | Noticed Maurice
  8910 | D:8      | Killed Maurice
  9538 | D:8      | Identified the +11 quarterstaff "Dotamn" {drain, rElec}
 10387 | D:9      | Found a white marble altar of Elyvilon.
 10753 | D:9      | Found a staircase to the Orcish Mines.
 10789 | D:9      | Reached skill level 5 in Conjurations
 10789 | D:9      | Reached skill level 5 in Necromancy
 10789 | D:9      | Reached skill level 5 in Translocations
 10789 | D:9      | Reached skill level 5 in Transmutations
 10789 | D:9      | Reached skill level 5 in Fire Magic
 10789 | D:9      | Reached skill level 5 in Ice Magic
 10789 | D:9      | Reached skill level 5 in Air Magic
 10789 | D:9      | Reached skill level 5 in Earth Magic
 10789 | D:9      | Reached skill level 5 in Poison Magic
 11045 | D:10     | Entered Level 10 of the Dungeon
 11063 | D:10     | Reached XP level 11. HP: 83/83 MP: 11/23
 11310 | D:10     | Found a basalt altar of Yredelemnul.
 11845 | D:10     | Found a hazy altar of Hepliaklqana.
 11846 | D:10     | Found a faded altar of an unknown god.
 11848 | D:10     | Found a faded altar of an unknown god.
 12047 | D:10     | Found a snail-covered altar of Cheibriados.
 12184 | D:11     | Reached ** piety under Ashenzari
 12190 | D:11     | Learned a level 3 spell: Summon Guardian Golem
 12293 | D:11     | Reached skill level 9 in Stealth
 12302 | D:11     | Noticed Sonja
 12403 | D:11     | Noticed a two-headed ogre
 12410 | D:11     | Killed Sonja
 12410 | D:11     | Killed a two-headed ogre
 12636 | D:11     | Identified the +5 sling "Busi Rumn" {vorpal, rElec Will+}
 12650 | D:11     | Noticed a centaur warrior
 12669 | D:11     | Noticed a manticore
 12748 | D:11     | Noticed Urug
 12756 | D:11     | Killed Urug
 12763 | D:11     | Killed a centaur warrior
 12924 | D:11     | Noticed a manticore
 12948 | D:11     | Killed a manticore
 12949 | D:11     | Reached XP level 12. HP: 26/94 MP: 15/26
 13698 | D:12     | Noticed a boulder beetle
 13719 | D:12     | Killed a boulder beetle
 13734 | D:12     | Noticed a two-headed ogre
 13742 | D:12     | Killed a two-headed ogre
 14008 | D:12     | Found a runed translucent door.
 14008 | D:12     | Noticed Lobster4's ghost (journeyman DjHW)
 14008 | D:12     | Identified the +7 trident "Aletreos" {flame, rElec rPois}
 14013 | D:12     | Identified the ring "Qayrunoc" {Wiz Dex+2}
 14056 | D:12     | Killed Lobster4's ghost
 14057 | D:12     | Reached skill level 10 in Stealth
 14604 | D:12     | Noticed a two-headed ogre
 14614 | D:12     | Killed a two-headed ogre
 14938 | Lair:1   | Entered Level 1 of the Lair of Beasts
 15074 | Lair:1   | Reached XP level 13. HP: 57/101 MP: 15/27
 15124 | Lair:1   | Reached skill level 10 in Summonings
 15267 | Lair:1   | Noticed Diaxkar's ghost (journeyman DsFE)
 15863 | Lair:1   | Found a runed translucent gate.
 15863 | Lair:1   | Found a runed translucent gate.
 15863 | Lair:1   | Found a runed translucent gate.
 15864 | Lair:1   | Noticed a minotaur
 16232 | Lair:1   | Killed Diaxkar's ghost
 16234 | Lair:1   | Reached skill level 10 in Spellcasting
 16234 | Lair:1   | Killed a minotaur
 17329 | Lair:2   | Found a staircase to the Snake Pit.
 18022 | Lair:3   | Learned a level 6 spell: Iron Shot
 18053 | Lair:3   | Reached XP level 14. HP: 63/111 MP: 5/29
 18269 | Lair:3   | Found a staircase to the Shoals.
 18276 | Lair:3   | Reached skill level 10 in Invocations
 18367 | Lair:3   | Noticed Amaemon
 18378 | Lair:3   | Killed Amaemon
 18384 | Lair:3   | Reached skill level 11 in Stealth
 19339 | Lair:4   | Found a runed translucent gate.
 19340 | Lair:4   | Found a runed translucent gate.
 19341 | Lair:4   | Found a runed translucent gate.
 19341 | Lair:4   | Noticed qeuew's ghost (journeyman SpEn)
 19899 | Lair:4   | Noticed Kirke
 19923 | Lair:4   | Killed Kirke
 20696 | Lair:4   | Killed qeuew's ghost
 21056 | Lair:5   | Entered Level 5 of the Lair of Beasts
 21073 | Lair:4   | Slain by a yak

Illustrated notes

Levels and vault maps discovered:
D:1:      dpeg_arrival_pits, layout_basic, serial_shops,
          nicolae_shop_overgrown_old_shop, serial_forest,
          infiniplex_forest_clump_double, infiniplex_forest_zigzag_1,
          infiniplex_forest_clump_tiny, infiniplex_forest_lined_ring,
          infiniplex_forest_clump_long, infiniplex_forest_lined_room_2,
          infiniplex_forest_straight_3, ebering_ecumenical_altar_box,
          st_stairs_5, minmay_bisected
D:2:      layout_loops_cross, serial_shops, shop_statue
D:3:      layout_basic, kennysheep_donut, uniq_terence, uniq_grinder,
          uniq_jessica
D:4:      corexii_shantytown, layout_basic, fedhas_altar_1,
          kennysheep_another_room, minmay_misc_feat_hallway
D:5:      layout_loops_ring, minmay_temple_entry_antechambers, serial_shops,
          shop, uniq_eustachio
D:6:      layout_loops_cross, nicolae_uskayaw_en_pointe
D:7:      layout_cave_pods, gammafunk_temple_overflow_pools, lemuel_tele_altar,
          zin_academy, uniq_prince_ribbit1
D:8:      layout_cave_pods, nicolae_ru_awakened_eye, dpeg_oklobed_lair,
          kb_rosetta, uniq_maurice
D:9:      layout_stronghold, elyvilon_altar_1, orc_0_dummy
D:10:     layout_loops_ring, yredelemnul_altar_generic, cheibrodos_worm_habitat,
          nicolae_hepliaklqana_ecumenical_no_more, kennysheep_crisscross
D:11:     layout_rooms, minmay_mirror_moons_of_madness, uniq_urug, uniq_sonja
D:12:     layout_cave_pods, gammafunk_ghost_grave
Temple:   bh_familiar_temple
Lair:1:   layout_gridlike, maelrawn_ghost_gauntlet_escape, serial_bayou_shore_b,
          grunt_megastairs_2
Lair:2:   layout_regular_city, minmay_snake_entry_guardpost_small,
          serial_bayou_shore_b
Lair:3:   layout_cave_pods, minmay_shoals_entry_centaurs, lemuel_fruit_tree,
          uniq_amaemon
Lair:4:   layout_concentric_octagons, ebering_ghost_rock_garden, wad_woods_02,
          grunt_megastairs_5, uniq_kirke
Lair:5:   evilmike_catoblepas_cave, layout_regular_city, slime_entry_1,
          serial_bayou_shore_b

Skill      XL: |  1  2  3  4  5  6  7  8  9 10 11 12 13 14 |
---------------+-------------------------------------------+-----
Hexes          | 2 3 4 5 6 7 8 |  8.4
Spellcasting   | 5 6 7 8 9 10 | 10.9
Stealth        | 6 7 8 9 10 11 | 11.3
Invocations    | 1 2 3 4 5 6 7 8 9 10 | 10.5
Fighting       | 1 2 3 5 6 7 8 9 |  9.6
Short Blades   | 1 2 3 5 6 7 8 9 |  9.6
Long Blades    | 1 2 3 5 6 7 8 9 |  9.6
Axes           | 1 2 3 5 6 7 8 9 |  9.6
Maces & Flails | 1 2 3 5 6 7 8 9 |  9.6
Polearms       | 1 2 3 5 6 7 8 9 |  9.6
Staves         | 1 2 3 5 6 7 8 9 |  9.6
Ranged Weapons | 1 2 3 5 6 7 8 9 |  9.6
Throwing       | 1 2 3 5 6 7 8 9 |  9.6
Armour         | 1 2 3 5 6 7 8 9 |  9.6
Dodging        | 1 2 3 5 6 7 8 9 |  9.6
Shields        | 1 2 3 5 6 7 8 9 |  9.6
Unarmed Combat | 1 2 3 5 6 7 8 9 |  9.6
Evocations     | 1 2 3 5 6 7 8 9 |  9.6
Conjurations   | 1 2 3 4 5 6 7 8 |  8.1
Necromancy     | 1 2 3 4 5 6 7 8 |  8.1
Translocations | 1 2 3 4 5 6 7 8 |  8.1
Transmutations | 1 2 3 4 5 6 7 8 |  8.1
Fire Magic     | 1 2 3 4 5 6 7 8 |  8.1
Ice Magic      | 1 2 3 4 5 6 7 8 |  8.1
Air Magic      | 1 2 3 4 5 6 7 8 |  8.1
Earth Magic    | 1 2 3 4 5 6 7 8 |  8.1
Poison Magic   | 1 2 3 4 5 6 7 8 |  8.1
Summonings     | 8 9 10 | 10.8

Action                   |  1- 3 |  4- 6 |  7- 9 | 10-12 | 13-15 || total
-------------------------+-------+-------+-------+-------+-------++-------
Melee: Club              |    88 |       |       |       |       ||    88
       Bite              |    16 |       |    22 |    25 |    27 ||    90
       Unarmed           |     2 |       |       |       |       ||     2
       Long sword        |       |       |   175 |       |       ||   175
       Punch             |       |       |     9 |     1 |    13 ||    23
       Scimitar          |       |       |    24 |    37 |       ||    61
       Kick              |       |       |    14 |    46 |    76 ||   136
       Quarterstaff      |       |       |       |   119 |       ||   119
       Trident           |       |       |       |    15 |   207 ||   222
 Fire: Arbalest          |       |    66 |    53 |       |       ||   119
       Sling             |       |       |       |     1 |       ||     1
Throw: Dart              |     2 |       |    14 |     2 |    34 ||    52
 Cast: Summon Small Mamm |    41 |    11 |    53 |    34 |    23 ||   162
       Call Canine Famil |     4 |    11 |    34 |    40 |    28 ||   117
       Summon Ice Beast  |       |       |    15 |    39 |    25 ||    79
       Summon Lightning  |       |       |       |    46 |    46 ||    92
       Summon Guardian G |       |       |       |    15 |    27 ||    42
Invok: Curse Item        |       |       |     2 |     1 |     1 ||     4
Evoke: Wand              |       |       |       |     7 |       ||     7
  Use: Potion            |       |       |     1 |     1 |       ||     2
 Stab: Sleeping          |     1 |       |     2 |       |     2 ||     5
       Distracted        |       |       |     2 |     6 |     1 ||     9
Armor: Robe              |    33 |    14 |    76 |    54 |    49 ||   226
       Leather armour    |       |     3 |       |       |       ||     3
Dodge: Dodged            |    74 |    25 |   188 |   147 |   172 ||   606
Block: Other             |       |       |    13 |    38 |    49 ||   100

Table legend: (Time is in decaauts)
 A = Elapsed time spent in this place.
 B = Non-inter-level travel time spent in this place.
 C = Inter-level travel time spent in this place.
 D = Time resting spent in this place.
 E = Time spent auto-exploring this place.
 F = Levels seen in this place.
 G = Mean time per level.
                   A        B        C        D        E       F      G
               +--------+--------+--------+--------+--------+-----+--------+
         Total |  21227 |  20071 |   1156 |   3984 |  12112 |  18 | 1179.3 |
       Dungeon |  15035 |  14196 |    839 |   2828 |   8386 |  12 | 1252.9 |
        Temple |    176 |    129 |     47 |      0 |    124 |   1 |  176.0 |
          Lair |   6015 |   5746 |    269 |   1156 |   3602 |   5 | 1203.0 |
               +--------+--------+--------+--------+--------+-----+--------+

Top non-repeatable levels by time:
     D:3: 1760 daAuts
     D:8: 1723 daAuts
  Lair:4: 1701 daAuts
  Lair:1: 1612 daAuts
    D:11: 1562 daAuts
  Lair:3: 1470 daAuts
     D:4: 1345 daAuts
     D:9: 1230 daAuts
  Lair:2: 1223 daAuts
    D:10: 1221 daAuts
     D:6: 1140 daAuts
    D:12: 1098 daAuts
     D:7: 1076 daAuts
     D:2: 1062 daAuts
     D:5: 998 daAuts
